 Dungeon Crawl Stone Soup version 0.13-a0-2716-gc56f784 (webtiles) character file.

797 JacquesDerrida the Vexing (level 7, -1/36 HPs)
             Began as a Kobold Enchanter on Aug 17, 2013.
             Was a Follower of Nemelex Xobeh.
             Slain by Prince Ribbit (3 damage)
             ... on Level 5 of the Dungeon.
             The game lasted 00:19:33 (5736 turns).

JacquesDerrida the Vexing (Kobold Enchanter)        Turns: 5736, Time: 00:19:34

HP  -1/36        AC  5     Str 14      XL: 7   Next: 59%
MP   2/14        EV 15     Int 13      God: Nemelex Xobeh [*.....]
Gold 230         SH  0     Dex 16      Spells:  3 memorised,  5 levels left

Res.Fire  : . . .   See Invis. : .   a - +1 dagger {=f}
Res.Cold  : . . .   Warding    : .   b - +1 robe
Life Prot.: . . .   Conserve   : .   (no shield)
Res.Poison: .       Res.Corr.  : .   i - +0 orc helmet
Res.Elec. : .       Clarity    : .   l - +0 elf cloak
Sust.Abil.: . .     Spirit.Shd : .   (no gloves)
Res.Mut.  : .       Stasis     : +   (no boots)
Res.Rott. : .       Flight     : .   m - amulet of stasis
Saprovore : + + .                    (no ring)
                                     (no ring)

@: mighty, slightly resistant to hostile enchantments, quite stealthy
A: disease resistance, carnivore 3, saprovore 2
a: Draw One, Renounce Religion


You were on level 5 of the Dungeon.
You worshipped Nemelex Xobeh.
Nemelex Xobeh was pleased with you.
You were full.

You visited 2 branches of the dungeon, and saw 6 of its levels.

You collected 210 gold pieces.

Inventory:

Hand weapons
 a - a +1,+1 dagger (weapon) {=f}
 C - a cursed -3,-3 orcish whip
Missiles
 d - 12 darts (quivered)
Armour
 b - a +1 robe (worn)
 i - a +0 orcish helmet (worn)
 l - a +0 elven cloak (worn)
 p - a +0 dwarven cloak
Scrolls
 g - 4 scrolls of identify {unknown}
 h - 2 scrolls of random uselessness {unknown}
 k - 6 scrolls of remove curse {unknown}
 o - a scroll of curse weapon {unknown}
 r - a scroll of enchant weapon II {unknown}
 u - a scroll of enchant armour {unknown}
 w - 2 scrolls of magic mapping {unknown}
 x - a scroll of fear {unknown}
 y - a scroll of curse jewellery {unknown}
 z - a scroll of fog {unknown}
 D - a scroll of noise {unknown}
Jewellery
 m - an amulet of stasis (around neck)
Potions
 e - a potion of curing
 j - a potion of invisibility {unknown}
 n - a potion of heal wounds {unknown}
 q - a potion of brilliance {unknown}
 t - a potion of restore abilities {unknown}
 E - a potion of might
Books
 c - a book of Maledictions

   Spells                             Type                      Level
   *Corona                            Hexes                        1
   Sure Blade                         Hexes/Charms                 2
   *Ensorcelled Hibernation           Hexes/Ice                    2
   *Confuse                           Hexes                        3
   Enslavement                        Hexes                        4
   Invisibility                       Hexes                        6
 v - a book of Wizardry

   Spells                             Type                      Level
   Summon Elemental                   Summoning                    4
   Agony                              Necromancy                   5
   Force Lance                        Conjuration                  5
   Fireball                           Conjuration/Fire             5
   Haste                              Charms                       6
   Invisibility                       Hexes                        6


   Skills:
 - Level 4.8 Short Blades
 - Level 1.3 Throwing
 - Level 2.4 Dodging
 + Level 5.0 Stealth
 - Level 2.9 Spellcasting
 + Level 5.8 Hexes


You had 5 spell levels left.
You knew the following spells:

 Your Spells              Type           Power        Failure   Level  Hunger
a - Corona                Hex            ###....      1%          1    #......
b - Ensorcelled Hibernat  Hex/Ice        #.....       12%         2    ##.....
c - Confuse               Hex            ###.....     8%          3    ####...


Dungeon Overview and Level Annotations

Branches:
Dungeon (5/27)             Temple (1/1) D:4

Altars:
Ashenzari
Cheibriados
Elyvilon
Fedhas
Makhleb
Nemelex Xobeh
Okawaru
Sif Muna
Trog
Vehumet
Xom
Zin

Annotations
D:5 Prince Ribbit


Innate Abilities, Weirdness & Mutations

You recuperate from illness quickly.
You are small and have problems with some larger weapons.
You are carnivorous and can eat meat at any time.
You can eat rotten meat.


Message History

Casting: Confuse
Confirm with . or Enter, or press ? or * to list all spells.
Aiming: Confuse
Press: ? - help, Shift-Dir - straight line, f/p - Prince Ribbit
Aim: Prince Ribbit Prince Ribbit resists.
Drink which item? (? for menu, Esc to quit)
Okay, then.
Prince Ribbit barely misses you.
Your magical contamination has completely faded away.
Prince Ribbit misses you. Prince Ribbit hits you!
Drink which item? (? for menu, Esc to quit)
You feel very mighty all of a sudden. Prince Ribbit hits you!
Ouch! That really hurt!
* * * LOW HITPOINT WARNING * * *
Prince Ribbit hits you.
You die...
Your body disappears without a glow.

#.[# #.# ...# #.# #.## ##.# #
#+## #..# .# ...## #.##
######.# ....## ###.# #......
.....## ##.#.# #.##.##
......####....########.#...####
......'.........@F............+
......####....########.#...####
<....## #....# #.#.### ....##
#.#..# #.._.# ...## #...##
#.#.## #'## ##.## #####.#####
#.# #.# #.......F.# #.#
#######.# #.###.###.#
#.###.......# #.# #.######


You could see Prince Ribbit.

Vanquished Creatures
  An ogre (D:4)
  A giant frog (D:4)
  A crimson imp (D:5)
  A hound (D:5)
  An iguana (D:4)
  2 orc priests (D:4)
  An orc wizard (D:4)
  Terence (D:2)
  4 gnolls (D:3)
  2 adders
  A giant mite (D:2)
  4 worms
  A giant gecko (D:4)
  An ooze (D:1)
  23 orcs
  11 bats
  3 giant cockroaches
  8 hobgoblins
  17 jackals
  7 kobolds
  3 quokkas (D:3)
  2 ball pythons
  A giant gecko zombie (D:5)
  2 giant newts
  5 goblins
  A kobold zombie (D:5)
  9 rats
  A rat skeleton (D:4)
115 creatures vanquished.

Notes
Turn   | Place    | Note
--------------------------------------------------------------
     0 | D:1      | JacquesDerrida, the Kobold Enchanter, began the quest for the Orb.
     0 | D:1      | Reached XP level 1. HP: 10/10 MP: 3/3
   334 | D:1      | Reached XP level 2. HP: 15/15 MP: 4/4
   514 | D:1      | Learned a level 2 spell: Ensorcelled Hibernation
   632 | D:1      | Reached XP level 3. HP: 19/19 MP: 5/5
  1315 | D:2      | Noticed Terence
  1548 | D:2      | Killed Terence
  1548 | D:2      | Reached XP level 4. HP: 24/24 MP: 1/7
  1843 | D:2      | Reached skill level 4 in Short Blades
  2390 | D:3      | Reached XP level 5. HP: 26/28 MP: 3/8
  2537 | D:3      | Found a glowing silver altar of Zin.
  2915 | D:3      | Found a white marble altar of Elyvilon.
  3381 | D:3      | Learned a level 3 spell: Confuse
  3635 | D:4      | Reached skill level 5 in Hexes
  3635 | D:4      | Reached XP level 6. HP: 22/32 MP: 2/9
  4344 | D:4      | Noticed an ogre
  4470 | D:4      | Killed an ogre
  4470 | D:4      | Reached XP level 7. HP: 33/36 MP: 1/14
  4608 | D:4      | Found a shattered altar of Ashenzari.
  4751 | D:4      | Found a staircase to the Ecumenical Temple.
  4757 | Temple   | Entered the Ecumenical Temple
  4765 | Temple   | Became a worshipper of Nemelex Xobeh
  4769 | Temple   | Received a gift from Nemelex Xobeh
  4919 | D:5      | Entered Level 5 of the Dungeon
  5114 | D:5      | Acquired Nemelex Xobeh's first power
  5338 | D:5      | Noticed Prince Ribbit
  5534 | D:5      | Reached skill level 5 in Stealth
  5675 | D:5      | Found a snail-covered altar of Cheibriados.
  5736 | D:5      | Slain by Prince Ribbit

Action                   |  1- 3 |  4- 6 |  7- 9 || total
-------------------------+-------+-------+-------++-------
Melee: Dagger            |   126 |   190 |    63 ||   379
 Cast: Corona            |     4 |       |     1 ||     5
       Ensorcelled Hiber |    16 |    61 |    17 ||    94
       Confuse           |       |     6 |    16 ||    22
Evoke: Deck              |       |       |    10 ||    10
  Use: Potion            |       |     1 |     3 ||     4
 Stab: Sleeping          |    14 |    41 |    12 ||    67
       Distracted        |     1 |     1 |       ||     2
       Confused          |       |     2 |     4 ||     6
